cohdb
Replays
Latest Replays
All Replays
Popular Replays
Top Player Replays
Match Explorer
How It Works
Community
CoH3 Stats
Reddit
Sign in to upload your games and track your stats! →
Sign in with Steam
Match 40831021
Unlisted
Match 40831021
Overview
Messages
Build Orders
End
Construct Section Command Post
Selects Heavy Armor Battlegroup
Infantry Section
Infantry Section
Infantry Section
Grenade Package
Selects Rigorous Vehicle Training
Dingo Light Scout Car
Infantry Section
Construct Platoon Command Post
6-pounder Anti-tank Gun Team
Selects Forward Repair Assembly
Humber Armored Car
CMP 15cwt Truck
Infantry Section
Infantry Training
6-pounder Anti-tank Gun Team
6-pounder Anti-tank Gun Team
Team Weapon Training
Humber Armored Car
Humber Armored Car
CMP 15cwt Truck
6-pounder Anti-tank Gun Team
Kakash
Griswold189
MonoChrome
ka_chow88
Wirt
Dante
123
Vlady the Impaler
0
0
Comments
sign in to comment!
No comments posted yet!